AoeStats
← Bleda

Hideout

510119616Analyzed
1v1 RM · 2d ago on Sep 29, 2026· 26m 4s· 2 players
Game mode
Random Map
Map size
Tiny (2 player)
Population
200
Speed
Normal
Resources
Standard
Victory
Conquest
Starting age
Dark Age
Ending age
Imperial Age
RankedLock teamsTeams togetherTeam positionsShared explorationLock speedFull tech treeHidden civsTurbo modeCheats
Victory
Defeat
🇺🇸 Goths · United States
1221
+16
🇹🇷 Celts · Türkiye
1226
-16
magnificent9
7:35 Loom
10:18 Feudal Age
10:20 Man-at-Arms
11:02 Double-Bit Axe
12:36 Horse Collar
14:28 Scale Mail Armor
16:09 Forging
24:11 Castle Age
25:30 Wheelbarrow
24:22 Long Swordsman
25:19 Chain Mail Armor
Bleda
9:46 Feudal Age
10:36 Double-Bit Axe
10:37 Horse Collar
13:55 Loom
13:44 Man-at-Arms
19:27 Castle Age
18:39 Gold Mining
Connection lost

Rejoining the realm…

Still unreachable

The connection could not be restored.

Session expired

The server has moved on; the page needs a fresh start.